 Dungeon Crawl Stone Soup version 0.32-a0-422-g28b100f618 (webtiles) character file.

Game seed: 12787421315888816385

547 senseless the Trooper (level 7, -7/72 HPs)
             Began as an Oni Shapeshifter on Feb 21, 2024.
             Was a High Priest of Uskayaw.
             Mangled by an ice beast (9 damage)
             ... on level 5 of the Dungeon.
             The game lasted 00:07:53 (3895 turns).

senseless the Trooper (Oni Shapeshifter)            Turns: 3895, Time: 00:07:54

Health: -7/72      AC:  3    Str: 21    XL:     7   Next: 28%
Magic:  7/7        EV: 10    Int: 11    God:    Uskayaw [*****.]
Gold:   176        SH:  0    Dex:  8    Spells: 6/6 levels left

rFire   . .          .
                       - Unarmed
rCold   . . .        (no shield)
rNeg    . . .        m - +0 robe
rPois   .            (helmet currently unavailable)
rElec   .            (cloak currently unavailable)
rCorr   .            (gloves unavailable)
SInv    .            (boots unavailable)
Will    +....        i - amulet of magic regeneration
Stlth   +            j - ring of flight
HPRegen 0.32/turn    o - +4 ring of slaying
MPRegen 0.50/turn

%: no passive effects
@: beast-form, flying
A: beast (slay +2), large, unfitting armour, horns 1, tough skin 1, double
potion healing, drunken brawling, strong-willed 1, screaming 1
a: Begin Untransformation, Renounce Religion, Stomp, Line Pass, Grand Finale


You were on level 5 of the Dungeon.
You worshipped Uskayaw.
Uskayaw was noncommittal.
You were a hulking beast.
You visited 2 branches of the dungeon, and saw 6 of its levels.

You collected 176 gold pieces.

Inventory:

Hand Weapons
 p - a +2 dagger of pain
Armour
 a - a +0 cloak
 m - a +0 robe (worn)
Jewellery
 i - an amulet of magic regeneration (around neck)
 j - a ring of flight (left hand)
 o - a +4 ring of slaying (right hand)
Talismans
 c - a beast talisman (active)
 d - a flux talisman
Wands
 r - a wand of iceblast (2) (quivered)
 v - a wand of polymorph (1)
Scrolls
 e - 4 scrolls of immolation {unknown}
 h - 2 scrolls of fog {unknown}
 k - 5 scrolls of identify {unknown}
 l - 2 scrolls of poison {unknown}
 w - a scroll of enchant weapon {unknown}
Potions
 b - a potion of resistance {unknown}
 f - 2 potions of mutation
 g - a potion of invisibility {unknown}
 n - a potion of ambrosia
 s - a potion of enlightenment
 u - a potion of attraction {unknown}


   Skills:
 + Level 5.0 Fighting
 + Level 3.8 Dodging
 + Level 4.3 Unarmed Combat
 + Level 4.4 Shapeshifting


You had 6 spell levels left.
You didn't know any spells.
Your spell library contained the following spells:

 Spells                   Type           Power      Damage    Failure   Level
 Fugue of the Fallen      Necr           0%         N/A       71%         3
 Ozocubu's Armour         Ice            0%         N/A       71%         3
 Manifold Assault         Tloc           0%         N/A       98%         4


Dungeon Overview and Level Annotations

Branches:
Dungeon (5/15)             Temple (1/1) D:4

Altars:
Ashenzari
Cheibriados
Dithmenos
Elyvilon
Gozag
Hepliaklqana
Makhleb
Nemelex Xobeh
Okawaru
Ru
Uskayaw
Vehumet
Wu Jian
Xom
Yredelemnul
Zin
The Shining One

Shops:
D:3 [


Innate Abilities, Weirdness & Mutations

You are a hulking beast.
Your limbs bulge with bestial killing power. (Slay +2)
You are too large for most types of armour.
You have a pair of small horns on your head.
You have tough skin. (AC +1)
You gain doubled healing and magic from potions.
Whenever you drink a healing potion, you attack all around you.
You are strong-willed. (Will+)
You occasionally shout uncontrollably at your foes.


Message History

A magic dart appears from out of thin air!
The magic dart hits you!
You have reached level 7!
You hit the orc wizard. You headbutt the orc wizard!
The orc wizard is almost dead.
You punch the orc wizard!
You kill the orc wizard!
Uskayaw will force your foes to share their pain.
Uskayaw links your audience in an emotional bond!
You punch something! The orc hits you with a +0 dagger.
Something hits you but does no damage.
You punch something!
Reactivating autopickup.
You feel a bit more experienced. The orc hits you with a +0 dagger.
Your Fighting skill increases to level 5!
You punch the orc!
You kill the orc!
The ice beast is no longer sharing its pain.
You punch the ice beast!
The ice beast is heavily wounded.
The ice beast hits you. The ice beast freezes you!
* * * LOW HITPOINT WARNING * * *
You can now merge with and destroy a victim.
You hit the ice beast. You headbutt the ice beast.
The ice beast is heavily wounded.
The ice beast hits you but does no damage.
You punch the ice beast!
The ice beast is almost dead.
The ice beast hits you.
* * * LOW HITPOINT WARNING * * *
The ice beast freezes you!
* * * LOW HITPOINT WARNING * * *
You hit the ice beast.
The ice beast is almost dead.
You feel your willpower return. The ice beast hits you.
* * * LOW HITPOINT WARNING * * *
The ice beast freezes you!
You die...
Your body falls in perfect tune with the rhythm.

,,,,,,****.#.##.........#*,,,,,,,
,,,,,,,,,,..............#*,,,,,,,
***,,****#...##.........#*,,,,,,,
**,* #..##..............,,,,, *
*,****#..##..#####.####..,,,,, *
*,,,,*#......# *.# *,,,,,,,
*******..#...#.## *.# *,,,,,,,
,,,* *#.......#### *.# *,,,,,,,
**,** #.~..~.))h.# *.# ****,,**
*,,* #..~....##Y#**.#* *,,*
**,***##.~~.~~.*..#*,,** *,,**
*,,,* #.......,....,,,*****,,,,
*****,* #......#......,,,,,,,,,,,
,*******##..............,,,,,,,,,
**~,,~~~~~~~..##...#....,****,,,,
*,~~~~~~≈..#.#***#......,* *,,,,
*,,*********,******,,,,,,* *,***


You could see an ice beast.

Vanquished Creatures
  A centaur (D:4)
  2 scorpions
  A hound (D:4)
  A jelly (D:4)
  An orc priest (D:4)
  Terence (D:3)
  4 orc wizards
  An adder (D:2)
  2 dart slugs
  A ribbon worm (D:4)
  8 orcs
  A bat (D:3)
  7 endoplasms
  2 giant cockroaches (D:2)
  9 goblins
  3 hobgoblins
  4 quokkas
  5 ball pythons
  4 frilled lizards
  8 kobolds
  4 rats
70 creatures vanquished.

Notes
Turn   | Place    | Note
-------+----------+-------------------------------------------
     0 | D:1      | senseless the Oni Shapeshifter began the quest for the Orb.
     0 | D:1      | Reached XP level 1. HP: 19/19 MP: 1/1
    64 | D:1      | Reached XP level 2. HP: 25/28 MP: 2/2
   189 | D:1      | Reached skill level 2 in Fighting
   394 | D:1      | Reached XP level 3. HP: 24/35 MP: 3/3
   626 | D:1      | Found a faded altar of an unknown god.
  1339 | D:2      | Reached XP level 4. HP: 44/44 MP: 4/4
  1577 | D:3      | Noticed Terence
  1629 | D:3      | Found Qipsy's Armour Shoppe.
  1703 | D:3      | Killed Terence
  1704 | D:3      | Reached skill level 3 in Fighting
  2048 | D:3      | Found a white marble altar of Elyvilon.
  3003 | D:4      | Reached XP level 5. HP: 53/53 MP: 5/5
  3061 | D:4      | Found a glowing silver altar of Zin.
  3229 | D:4      | Noticed a centaur
  3235 | D:4      | Killed a centaur
  3236 | D:4      | Reached skill level 4 in Fighting
  3236 | D:4      | Reached XP level 6. HP: 27/62 MP: 6/6
  3238 | D:4      | Found a staircase to the Ecumenical Temple.
  3249 | Temple   | Entered the Ecumenical Temple
  3362 | Temple   | Became a worshipper of Uskayaw the Reveller
  3402 | D:4      | Found an ornate altar of the Wu Jian Council.
  3432 | D:4      | Found a radiant altar of Vehumet.
  3598 | D:4      | Reached * piety under Uskayaw
  3604 | D:4      | Reached ** piety under Uskayaw
  3735 | D:4      | Reached *** piety under Uskayaw
  3738 | D:4      | HP: 3/63 [orc/+0 trident (4)]
  3739 | D:4      | Gained mutation: You occasionally shout uncontrollably at
                  | your foes. [potion of mutation]
  3739 | D:4      | Gained mutation: You are strong-willed. (Will+) [potion of
                  | mutation]
  3857 | D:5      | Entered Level 5 of the Dungeon
  3881 | D:5      | Noticed an ice beast
  3887 | D:5      | Reached XP level 7. HP: 34/71 MP: 7/7
  3888 | D:5      | Reached **** piety under Uskayaw
  3891 | D:5      | Reached skill level 5 in Fighting
  3892 | D:5      | Reached ***** piety under Uskayaw
  3895 | D:5      | HP: 2/72 [ice beast (3)]
  3895 | D:5      | Mangled by an ice beast

Illustrated notes

Levels and vault maps discovered:
D:1:      heliophobic_arrival_ceremonial_halls, layout_basic,
          shapermc_ecumenical_altar_flowoftime
D:2:      layout_basic
D:3:      layout_basic, nicolae_overflow_hidden_temple, serial_shops, shop,
          grunt_decor_clamped, uniq_terence
D:4:      layout_basic, lemuel_doored_altar, zin_academy,
          mainiacjoe_overflow_paths, minmay_temple_entry_hall, serial_aquarium,
          aquarium_bridge_long_joined [aquarium_subvault_bridge,
          aquarium_subvault_wall, aquarium_subvault_wall,
          aquarium_subvault_wall, aquarium_subvault_bridge,
          aquarium_subvault_bridge], aquarium_bridge_square
          [aquarium_subvault_bridge, aquarium_subvault_bridge,
          aquarium_subvault_window, aquarium_subvault_bridge],
          aquarium_window_fake, aquarium_window_1, aquarium_view_2a
D:5:      layout_rooms, gup_sewer_entry_pipe, chequers_serial_rivers_micro_c,
          uniq_edmund
Temple:   nicolae_temple_god_jail

Skill      XL: |  1  2  3  4  5  6  7 |
---------------+----------------------+-----
Dodging        | 2 3 |  3.8
Fighting       | 2 3 4 5 |  5.0
Unarmed Combat | 3 4 |  4.3
Shapeshifting  | 4 |  4.4

Action                     |  1- 3 |  4- 6 |  7- 9 || total
---------------------------+-------+-------+-------++-------
  Melee: Unarmed           |    70 |    97 |     9 ||   176
         Headbutt          |    15 |    19 |     2 ||    36
         Punch             |     1 |     1 |       ||     2
  Evoke: Wand              |       |     7 |       ||     7
    Use: Scroll            |       |     4 |       ||     4
         Potion            |       |     4 |       ||     4
   Stab: Paralysed         |       |     1 |       ||     1
 Armour: Animal skin       |    25 |       |       ||    25
         Robe              |       |    77 |     7 ||    84
         Skin              |       |     9 |       ||     9
  Dodge: Dodged            |    20 |    47 |       ||    67

Table legend: (Time is in decaauts)
 A = Elapsed time spent in this place.
 B = Non-inter-level travel time spent in this place.
 C = Inter-level travel time spent in this place.
 D = Time resting spent in this place.
 E = Time spent auto-exploring this place.
 F = Levels seen in this place.
 G = Mean time per level.
                   A        B        C        D        E       F      G
               +--------+--------+--------+--------+--------+-----+--------+
         Total |   3883 |   3597 |    286 |    109 |   2977 |   6 |  647.2 |
       Dungeon |   3760 |   3492 |    268 |      7 |   2977 |   5 |  752.0 |
        Temple |    122 |    104 |     18 |    102 |      0 |   1 |  122.0 |
               +--------+--------+--------+--------+--------+-----+--------+

Top non-repeatable levels by time:
     D:3: 1266 daAuts
     D:2: 887 daAuts
     D:4: 801 daAuts
     D:1: 768 daAuts
  Temple: 122 daAuts
     D:5: 36 daAuts
